 Dungeon Crawl Stone Soup version 0.22-a0-618-gd6a3efe (webtiles) character file.

7201 galech the Cleaver (level 10, -9/79 HPs)
             Began as a Demonspawn Berserker on July 13, 2018.
             Was an Elder of Trog.
             Mangled by an orc warrior
             ... wielding a +0 halberd
              (17 damage)
             ... in a bailey.
             The game lasted 00:19:01 (8332 turns).

galech the Cleaver (Demonspawn Berserker)           Turns: 8332, Time: 00:19:02

Health: -9/79      AC: 19    Str: 27    XL:     10   Next: 87%
Magic:  0/10       EV: 21    Int:  9    God:    Trog [****..]
Gold:   475        SH:  0    Dex: 20    Spells: 9/9 levels left

rFire    + . .     SeeInvis .   N - +0 war axe
rCold    . . .     Gourm    .   (no shield)
rNeg     . . .     Faith    .   H - +3 ring mail
rPois    .         Spirit   +   t - +0 helmet
rElec    .         Reflect  .   y - +0 cloak
rCorr    .         Harm     .   p - +2 pair of gloves
MR       ++...                  G - +0 pair of boots (curse)
Stlth    +++.......             I - amulet of guardian spirit
HPRegen  1.23/turn              F - ring of protection from fire
MPRegen  0.12/turn              A - +4 ring of strength

@: mighty, agile, berserk cooldown, regenerating, slowed, very slow
A: claws 2, thin metallic scales 2, demonic guardian 1, powered by pain 1
a: Berserk, Trog's Hand, Brothers in Arms, Renounce Religion


You were in a bailey.
You worshipped Trog.
Trog was greatly pleased with you.
You were near starving.

You visited 1 branch of the dungeon, and saw 10 of its levels.
You also visited: Bailey.

You collected 475 gold pieces.

Inventory:

Hand Weapons
 d - a +0 battleaxe
 N - a +0 war axe (weapon)
Armour
 o - a +2 robe of magic resistance
 p - a +2 pair of gloves (worn)
 r - a +0 plate armour
 t - a +0 helmet (worn)
 y - a +0 cloak (worn)
 C - a +2 leather armour of cold resistance
 G - a cursed +0 pair of boots (worn)
 H - a +3 ring mail (worn)
Jewellery
 m - an uncursed ring of poison resistance
 A - a +4 ring of strength (right hand)
 D - an uncursed ring of see invisible
 F - a ring of protection from fire (left hand)
 I - an amulet of guardian spirit (around neck)
 K - an uncursed amulet of the acrobat {unknown}
Wands
 i - a wand of disintegration (9)
 s - a wand of scattershot (7)
 x - a wand of polymorph (20)
 B - a wand of iceblast (6)
 E - a wand of paralysis (30)
 J - a wand of flame (11)
Scrolls
 e - 4 scrolls of teleportation
 f - 2 scrolls of blinking
 g - 3 scrolls of amnesia
 h - 3 scrolls of enchant weapon
 l - 7 scrolls of remove curse
 u - 2 scrolls of fog
 v - 5 scrolls of identify
 L - a scroll of enchant armour
 M - a scroll of fear
 O - a scroll of acquirement {unknown}
Potions
 b - a potion of lignification {unknown}
 j - a potion of mutation {unknown}
 k - 3 potions of agility {unknown}
 n - 13 potions of degeneration
 q - 4 potions of cancellation {unknown}
 w - 2 potions of might {unknown}
 z - 4 potions of heal wounds
 P - 2 potions of invisibility
 Q - a potion of haste {unknown}
Comestibles
 a - 12 chunks of flesh
 c - 15 rations


   Skills:
 + Level 7.1 Fighting
 + Level 10.9 Axes
 + Level 5.5 Armour
 + Level 7.1 Dodging
 + Level 3.8 Stealth


You had 9 spell levels left.
You didn't know any spells.
Your spell library was empty.

Dungeon Overview and Level Annotations

Branches:
Dungeon (10/15)            Temple (0/1) D:5
   Lair: D:8-11         Orc: D:9-12

Altars:
Ashenzari
Gozag
Uskayaw
Xom
The Shining One

Shops:
D:8 :

Annotations:
D:9 1 runed door, Meatbag's ghost, novice MiFi


Innate Abilities, Weirdness & Mutations

You have very sharp fingernails.
You are mostly covered in thin metallic scales. (AC +3)
A weak demonic guardian rushes to your aid.
You sometimes gain a little power by taking damage.


Message History

You are exhausted.
You feel yourself slow down.
You feel the effects of Trog's Hand fading.
The orc warrior misses you. The orc hits you but does no damage.
The orc knight roars a battlecry!
The orc goes into a battle-frenzy!
You hit the orc warrior.
The orc warrior is severely wounded.
You hit the orc knight but do no damage.
You closely miss the orc warrior.
The orc knight no longer looks unusually strong.
The orc barely misses you.
The orc warrior hits you with an enchanted trident!!
* * * LOW HITPOINT WARNING * * *
You focus on the pain.
You feel agile all of a sudden.
Your shadow imp hits the orc warrior.
The orc knight barely misses you. The orc completely misses you.
The orc warrior hits you with a halberd!!
You die...

##'''##
##.....##
#.......#
#.......#
#.......#
#.......#
#..)o.5.#
##oooo.##
###@###
#55.#
#...#
#...#
#.).#
###'###
##.....##
#.......#
#.......#


You could see an orc knight, 2 orc warriors, 2 orcs, a friendly white imp and 2
friendly shadow imps.

Vanquished Creatures
  A centaur warrior (D:10)
  A two-headed ogre (D:8)
  An orc knight (Bailey)
  Psyche (D:8)
  Prince Ribbit (D:5)
  A hippogriff (D:8)
  Eustachio (D:5)
  Grum (D:8)
  A water moccasin (D:10)
  A sky beast (D:5)
  9 orc warriors
  An ice beast (D:9)
  2 black bears
  2 eyes of draining
  A phantom (D:8)
  6 ogres
  4 centaurs
  2 wolves (D:8)
  2 big kobolds
  3 bullfrogs
  2 scorpions
  A water moccasin skeleton (D:9)
  3 howler monkeys
  4 crimson imps
  3 jellies
  4 hounds
  Crazy Yiuf (D:4)
  3 orc priests
  2 bullfrog skeletons
  An iguana (D:9)
  Jessica (D:2)
  Terence (D:2)
  6 orc wizards
  2 worker ants (D:4)
  A hound zombie (D:9)
  2 worker ant zombies
  Robin (D:2)
  2 howler monkey skeletons
  A gnoll (D:10)
  6 adders
  2 oozes (D:2)
  3 dart slugs
  6 leopard geckos
  41 orcs
  4 bats
  6 giant cockroaches
  12 goblins
  9 hobgoblins
  10 jackals
  2 quokkas
  2 ball pythons
  4 frilled lizards
  12 kobolds
  A quokka zombie (D:8)
  9 rats
212 creatures vanquished.

Vanquished Creatures (collateral kills)
  Menkaure (D:7)
  An ice beast (D:6)
  Duvessa (D:5)
  2 orc warriors
  An ogre (D:8)
  A bullfrog (D:9)
  Dowan (D:5)
  3 howler monkeys
  An iguana (D:4)
  An orc wizard (D:9)
  A worker ant (D:10)
  A gnoll (D:10)
  6 orcs
  2 goblins (D:10)
  3 kobolds
  A rat (D:2)
27 creatures vanquished.

Grand Total: 239 creatures vanquished

Notes
Turn   | Place    | Note
-------+----------+-------------------------------------------
     0 | D:1      | galech the Demonspawn Berserker began the quest for the Orb.
     0 | D:1      | Reached XP level 1. HP: 18/18 MP: 1/1
   238 | D:1      | Gained mutation: A weak demonic guardian rushes to your aid. [demonic ancestry]
   238 | D:1      | Reached XP level 2. HP: 20/24 MP: 2/2
   585 | D:2      | Noticed Jessica
   600 | D:2      | Killed Jessica
   600 | D:2      | Reached skill level 3 in Axes
   600 | D:2      | Gained mutation: You have sharp fingernails. [demonic ancestry]
   600 | D:2      | Reached XP level 3. HP: 22/29 MP: 3/3
   681 | D:2      | Noticed Terence
   708 | D:2      | Killed Terence
   708 | D:2      | Gained mutation: You sometimes gain a little power by taking damage. [demonic ancestry]
   708 | D:2      | Reached XP level 4. HP: 17/35 MP: 4/4
   870 | D:2      | Reached ** piety under Trog
  1118 | D:2      | Noticed Robin
  1127 | D:2      | Killed Robin
  1127 | D:2      | Reached XP level 5. HP: 41/41 MP: 5/5
  1634 | D:3      | Reached skill level 4 in Axes
  2039 | D:4      | Reached *** piety under Trog
  2109 | D:4      | Gained mutation: You are partially covered in thin metallic scales. (AC +2) [demonic ancestry]
  2109 | D:4      | Reached XP level 6. HP: 14/48 MP: 6/6
  2559 | D:4      | Found a runed door.
  2564 | D:4      | Noticed Crazy Yiuf
  2569 | D:4      | Killed Crazy Yiuf
  2939 | D:5      | Entered Level 5 of the Dungeon
  2971 | D:5      | Noticed a sky beast
  2983 | D:5      | Killed a sky beast
  3056 | D:5      | Found a hide-covered altar of Uskayaw.
  3059 | D:5      | Noticed Duvessa
  3061 | D:5      | Noticed Dowan
  3066 | D:5      | Killed Duvessa
  3066 | D:5      | Reached skill level 5 in Axes
  3069 | D:5      | Killed Dowan
  3069 | D:5      | Gained mutation: You have very sharp fingernails. [demonic ancestry]
  3069 | D:5      | Reached XP level 7. HP: 54/54 MP: 7/7
  3147 | D:5      | Noticed Prince Ribbit
  3188 | D:5      | Found a staircase to the Ecumenical Temple.
  3423 | D:5      | Noticed Eustachio
  3476 | D:5      | Killed Eustachio
  3476 | D:5      | Reached skill level 1 in Stealth
  3784 | D:5      | Killed Prince Ribbit
  3784 | D:5      | Reached skill level 6 in Axes
  4052 | D:6      | Gained mutation: You are mostly covered in thin metallic scales. (AC +3) [demonic ancestry]
  4052 | D:6      | Reached XP level 8. HP: 38/61 MP: 8/8
  4871 | D:7      | Reached skill level 7 in Axes
  4954 | D:7      | Reached skill level 5 in Fighting
  4998 | D:7      | Reached skill level 5 in Dodging
  5090 | D:7      | Found a shattered altar of Ashenzari.
  5116 | D:7      | Noticed Menkaure
  5124 | D:7      | Killed Menkaure
  5749 | D:8      | Noticed Grum
  5760 | D:8      | Killed Grum
  5815 | D:8      | Noticed a two-headed ogre
  5824 | D:8      | Killed a two-headed ogre
  5824 | D:8      | Reached skill level 8 in Axes
  5824 | D:8      | Reached XP level 9. HP: 57/68 MP: 9/9
  6180 | D:8      | Reached **** piety under Trog
  6220 | D:8      | Found Epreaz's Book Shoppe.
  6299 | D:8      | Noticed Psyche
  6308 | D:8      | Killed Psyche
  6308 | D:8      | Reached skill level 9 in Axes
  6607 | D:9      | Found a runed door.
  6608 | D:9      | Found a shimmering altar of Xom.
  6608 | D:9      | Noticed Meatbag's ghost (novice MiFi)
  6609 | D:9      | Noticed a hand axe of chaos
  6724 | D:9      | Reached XP level 10. HP: 77/77 MP: 10/10
  6880 | D:9      | Found an opulent altar of Gozag.
  7721 | D:10     | Entered Level 10 of the Dungeon
  7752 | D:10     | Found a glowing golden altar of the Shining One.
  7815 | D:10     | Reached skill level 10 in Axes
  7850 | D:10     | Noticed a centaur warrior
  7888 | D:10     | Killed a centaur warrior
  7888 | D:10     | Reached skill level 5 in Armour
  7980 | D:10     | Found a flagged portal.
  8000 | Bailey   | Entered a bailey
  8294 | Bailey   | Noticed an orc knight
  8294 | Bailey   | Noticed an orc knight
  8327 | Bailey   | Killed an orc knight
  8332 | Bailey   | Mangled by an orc warrior

Vault maps used:
D:1:      lemuel_arrival_tunnels
D:2:      first_ration, st_stairs_9, moated_statue, uniq_terence, uniq_jessica,
          uniq_robin
D:3:      minmay_misc_feat_roman
D:4:      serial_glass, glass_columns_a, glass_columns_c,
          uniq_crazy_yiuf_cottage
D:5:      minmay_temple_entry_overgrown, basic_altar, uniq_duvessa,
          uniq_eustachio, uniq_prince_ribbit1
D:6:      kennysheep_generic_room_7
D:7:      ashenzari_conservatory_becter, uniq_menkaure
D:8:      serial_shops, nicolae_shop_behind_doors, grunt_ogre_cave,
          minivault_25, uniq_grum, uniq_psyche
D:9:      ebering_ghost_xom, nicolae_gozag_seed_capital
D:10:     enter_bailey_7, nicolae_tso_carved_into_rock
Bailey:   bailey_polearm_5, bailey

Skill      XL: |  1  2  3  4  5  6  7  8  9 10 |
---------------+-------------------------------+-----
Armour         | 2 3 4 5 |  5.5
Axes           | 3 4 5 6 8 9 10 | 10.9
Dodging        | 2 3 4 5 6 7 |  7.1
Fighting       | 4 5 6 7 |  7.1
Stealth        | 1 2 3 |  3.8

Action                   |  1- 3 |  4- 6 |  7- 9 | 10-12 || total
-------------------------+-------+-------+-------+-------++-------
Melee: Hand axe          |    81 |   243 |   399 |   108 ||   831
       War axe           |       |       |       |   170 ||   170
Invok: Berserk           |       |     4 |     4 |     6 ||    14
       Trog's Hand       |       |     1 |       |     4 ||     5
  Use: Scroll            |       |     5 |       |     4 ||     9
       Potion            |       |       |       |     2 ||     2
 Stab: Sleeping          |       |     1 |     3 |       ||     4
       Distracted        |       |       |     3 |     4 ||     7
  Eat: Chunk             |       |    10 |    10 |    11 ||    31
       Ration            |       |       |     2 |       ||     2
Armor: Ring mail         |     5 |       |    41 |   140 ||   186
       Chain mail        |    15 |       |       |       ||    15
       Animal skin       |     2 |       |       |       ||     2
       Robe              |    13 |   107 |    44 |       ||   164
       Leather armour    |       |       |    55 |       ||    55
Dodge: Dodged            |    35 |   166 |   270 |   298 ||   769

Table legend:
 A = Spawn XP
 B = Non-spawn XP
 C = Spawn XP percentage of total XP
 D = Spawn monster count
 E = Non-spawn monster count
 F = Spawn count percentage of total count
 G = Total turns spent on level
                    A         B        C        D         E        F      G
               +---------+---------+-------+---------+---------+-------+---------
         Total |       0 |   10288 |   0.0 |       0 |     239 |   0.0 |  8332
               +---------+---------+-------+---------+---------+-------+---------
           D:1 |       0 |      19 |   0.0 |       0 |      12 |   0.0 |   526
           D:2 |       0 |     214 |   0.0 |       0 |      39 |   0.0 |   825
           D:3 |       0 |      72 |   0.0 |       0 |      22 |   0.0 |   618
           D:4 |       0 |     174 |   0.0 |       0 |      13 |   0.0 |   970
           D:5 |       0 |     871 |   0.0 |       0 |      12 |   0.0 |  1106
           D:6 |       0 |     555 |   0.0 |       0 |      10 |   0.0 |   736
           D:7 |       0 |     456 |   0.0 |       0 |      12 |   0.0 |   955
           D:8 |       0 |    2956 |   0.0 |       0 |      30 |   0.0 |   836
           D:9 |       0 |    1705 |   0.0 |       0 |      37 |   0.0 |  1149
          D:10 |       0 |    1536 |   0.0 |       0 |      23 |   0.0 |   279
        Bailey |       0 |    1730 |   0.0 |       0 |      29 |   0.0 |   332
               +---------+---------+-------+---------+---------+-------+---------
